 Dungeon Sprint DCSS version 0.31-a0-75-g6fe912e8c5 (webtiles) character file.

Game seed: 686913411149965551

25 fozzywoppz the Cudgeller (level 3, -1/30 HPs)
             Began as a Human Berserker on May 23, 2023.
             Was a Follower of Trog.
             Slain by an ogre
             ... wielding a +0 giant spiked club
              (31 damage)
             ... in the Dungeon (Sprint I: "Red Sonja").
             The game lasted 00:00:35 (127 turns).

fozzywoppz the Cudgeller (Human Berserker)           Turns: 127, Time: 00:00:35

Health: -1/30      AC:  9    Str: 17    XL:     3   Next: 17%
Magic:  3/3        EV:  8    Int:  7    God:    Trog [*.....]
Gold:   0          SH:  0    Dex: 14    Spells: 2/2 levels left

rFire   . . .        a - +0 mace
rCold   . . .        (no shield)
rNeg    . . .        g - +0 chain mail
rPois   .            (no helmet)
rElec   .            (no cloak)
rCorr   .            (no gloves)
SInv    .            (no boots)
Will    .....        (no amulet) Stlth
                     (no ring)
HPRegen 0.25/turn    (no ring)
MPRegen 0.08/turn

%: no teleportation
@: no status effects
A: no striking features
a: Renounce Religion, Berserk


You were in the Dungeon.
You worshipped Trog.
Trog was aware of your devotion.
You visited 1 branch

Inventory:

Hand Weapons
 a - a +0 mace (weapon)
Armour
 b - a +0 animal skin
 g - a +0 chain mail (worn)
Scrolls
 h - a scroll of blinking
Potions
 c - a potion of curing
 d - a potion of heal wounds
 e - a potion of haste
 f - 2 potions of magic


   Skills:
 + Level 4.1 Fighting
 + Level 4.1 Maces & Flails
 + Level 3.4 Armour
 + Level 3.4 Dodging


You had 2 spell levels left.
You didn't know any spells.
Your spell library was empty.

Dungeon Overview and Level Annotations

Branches:
Dungeon (1/1)

Altars:


Message History

Ijyb hits you with a +0 dagger.
* * * LOW HITPOINT WARNING * * *
You sock Ijyb!
You kill Ijyb!
Trog accepts your kill.
Your Fighting skill increases to level 4!
Your Maces & Flails skill increases to level 4!
Your Armour skill increases to level 3!
Your Dodging skill increases to level 3!
You have reached level 2!
You have reached level 3!
Your experience leads to an increase in your attributes!
Increase (S)trength, (I)ntelligence, or (D)exterity?
You feel agile. x2
Things that are here:
a +0 dagger; a +0 chain mail
g - a +0 chain mail You feel a strong urge to attack something.
You are no longer berserk.
You are exhausted.
You feel yourself slow down.
You start resting.
You feel yourself speed up.
You start resting.
You recover from your berserk rage.
You start removing your armour.
You continue taking off your +0 animal skin. x4
You finish taking off your +0 animal skin.
You start putting on your armour.
You continue putting on your +0 chain mail. x5
You finish putting on your +0 chain mail.
You start resting.
HP restored.
You open the door.
An ogre comes into view. It is wielding a +0 giant spiked club.
There is an open door here.
You barely miss the ogre.
The ogre hits you with a +0 giant spiked club!!
Ouch! That really hurt!
You die...

##########
#<.#..@O.#
#..').#..+
#..#####+#
#..# #..#
#..# #⌠⌠#
####


You could see an ogre.

Vanquished Creatures
  Ijyb (D)
1 creature vanquished.

Notes
Turn   | Place    | Note
-------+----------+-------------------------------------------
     0 | D        | fozzywoppz the Human Berserker began the quest for the Orb.
     0 | D        | Reached XP level 1. HP: 18/18 MP: 1/1
     1 | D        | Noticed Ijyb
    20 | D        | HP: 1/27 [Ijyb/+0 dagger (2)]
    21 | D        | Killed Ijyb
    22 | D        | Reached XP level 2. HP: 2/25 MP: 2/2
    22 | D        | Reached XP level 3. HP: 3/30 MP: 3/3
   126 | D        | Noticed an ogre
   127 | D        | Slain by an ogre

Illustrated notes

Levels and vault maps discovered:
D:        dungeon_sprint_1 [red_sonja_temple_1, red_sonja_temple_small_1]

Skill      XL: |  1 |
---------------+----+-----
Fighting       | 4 |  4.1
Maces & Flails | 4 |  4.1
Armour         | 3 |  3.4
Dodging        | 3 |  3.4

Action                     || total
---------------------------++-------
  Melee: Mace              ||    19
    Use: Potion            ||     1
 Armour: Animal skin       ||     1
  Dodge: Dodged            ||    11

Table legend: (Time is in decaauts)
 A = Elapsed time spent in this place.
 B = Non-inter-level travel time spent in this place.
 C = Inter-level travel time spent in this place.
 D = Time resting spent in this place.
 E = Time spent auto-exploring this place.
 F = Levels seen in this place.
 G = Mean time per level.
                   A        B        C        D        E       F      G
               +--------+--------+--------+--------+--------+-----+--------+
         Total |    136 |    136 |      0 |    100 |      0 |   1 |  136.0 |
       Dungeon |    136 |    136 |      0 |    100 |      0 |   1 |  136.0 |
               +--------+--------+--------+--------+--------+-----+--------+

Top non-repeatable levels by time:
       D: 136 daAuts
